 Dungeon Sprint DCSS version 0.28-a0-938-gbc3f381ebc (webtiles) character file.

Game seed: 5644491380826796835

700000 emperorscorpion the Magician (level 1, -21/15 HPs)
             Began as a Djinni Hedge Wizard on Nov 28, 2021.
             Was an Initiate of Makhleb.
             Demolished by a bag of meat (36 damage)
             ... in the Dungeon (Sprint VIII: "Arena of Blood").
             The game lasted 00:00:42 (7 turns).

emperorscorpion the Magician (Djinni Hedge Wizard)     Turns: 7, Time: 00:00:43

Health: -21/15     AC:  2    Str:  9    XL:     1   Next: 0%
Gold:   0          EV: 12    Int: 15    God:    Makhleb [......] SH:  0 Dex: 12

rFire   + + .      SeeInvis .   i - +∞ Axe of Woe
rCold   x . .      Faith    .   (shield currently unavailable)
rNeg    . . .      Spirit   .   b - +0 robe
rPois   ∞          Reflect  .   c - +0 hat
rElec   .          Harm     .   (no cloak)
rCorr   .          Rampage  .   (no gloves)
Will    .....      NoTele   +   (boots unavailable)
Stlth   ++........              (no amulet)
HPRegen 0.05/turn               (no ring)
MPRegen 0.00/turn               (no ring)

@: flying
A: sickness immunity, fire resistance 2, cold vulnerability 1, float, innate
caster, hp casting, extra vitality 1
a: Renounce Religion


You were in the Dungeon.
You worshipped Makhleb.
Makhleb was noncommittal.
You visited 1 branch

Inventory:

Hand Weapons
 a - a +0 dagger
 i - the +∞ Axe of Woe (weapon)
   (You found it in the Dungeon)
Armour
 b - a +0 robe (worn)
 c - a +0 hat (worn)
Scrolls
 h - a scroll of blinking
Potions
 d - a potion of curing
 e - a potion of heal wounds
 f - a potion of haste
 g - a potion of berserk rage


   Skills:
 + Level 2.1 Dodging
 + Level 1.5 Stealth
 + Level 2.4 Spellcasting


You couldn't memorise any spells.
You knew the following spells:

 Your Spells              Type           Power      Damage    Failure   Level
a - Magic Dart            Conj           36%        1d4       8%          1
b - Blink                 Tloc           18%        N/A       12%         2
c - Call Imp              Summ           9%         N/A       12%         2
d - Slow                  Hex            36%        N/A       8%          1
e - Conjure Flame         Conj/Fire      9%         6-21      24%         3
f - Mephitic Cloud        Conj/Pois/Air  9%         N/A       24%         3
Your spell library was empty.

Dungeon Overview and Level Annotations

Branches:
Dungeon (1/1)

Altars:
Makhleb


Innate Abilities, Weirdness & Mutations

You are immune to sickness and miasma.
You are immune to poison.
Your flesh is very heat resistant. (rF++)
You are vulnerable to cold. (rC-)
You float through the air rather than walking.
You learn spells naturally, not from books.
Your magical power is your life essence.
You have superior vitality. (+4 HP)


Message History

-- -- -- Vessel of Makhleb, -- -- You are the unmaker, -- -- You bring the rapture, -- -- The murmurs of the thralls rise... -- -- The theatre of blood begins. -- -- -- ------------------------------------------------------------------------------ ------------------------------------------------------------------------------ Welcome, emperorscorpion the Djinni Hedge Wizard.
Press ? for a list of commands and other information.
Found the +∞ Axe of Woe.
Found four burning altars of Makhleb.
Found a staircase leading out of the dungeon.
You begin with the following spells memorised: Magic Dart, Blink, Call Imp, Slow, Conjure Flame, Mephitic Cloud.
i - the +∞ Axe of Woe
i - the +∞ Axe of Woe (weapon)
You hear a shout! x5
A bag of meat comes into view. It is wielding a +9 war axe. x2
You hear a shout! x2
The bag of meat shouts!
You hear a shout! x6
A bag of meat comes into view. It is wielding a +9 war axe.
There is a burning altar of Makhleb here.
You hover solemnly before the altar of Makhleb.
Makhleb welcomes you!
The bag of meat shouts!
You hear a shout! x3
A bag of meat comes into view. It is wielding a +9 war axe.
You hear a shout!
A bag of meat comes into view. It is wielding a +9 war axe.
You hear a shout!
A bag of meat comes into view. It is wielding a +9 war axe.
The meat berserker appears out of thin air!
A meat berserker comes into view. It is wielding a +9 battleaxe.
The bag of meat shouts! x3; The meat berserker shouts!
You hear a shout! x7 2 orcs come into view.
The bag of meat shouts!
You hear a shout! x11
You slash the bag of meat!
You cleave the bag of meat in twain.
You kill the bag of meat!
Makhleb accepts your kill.
You hear a shout! x2
The meat berserker rages.
You hear a shout! x3
The meat berserker rages.
A bag of meat comes into view. It is wielding a +9 war axe.
You hear a shout! x5
The bag of meat hits you with a +9 war axe!!!
Ouch! That really hurt!
You die...

#.. ..# .###..
...###...
......###........
....._.........
#.....# ..... .
#_.<._#......
....#..O..#......
......._.........
......###@oo.....
o###....oo.###...
#.......#
#.....o.#
.o........
...........
...........
.........o##


You could see a meat berserker (berserk) and 7 bags of meat.

Vanquished Creatures
  An orc (D)
1 creature vanquished.

Notes
Turn   | Place    | Note
-------+----------+-------------------------------------------
     0 | D        | Found the +∞ Axe of Woe
     0 | D        | emperorscorpion the Djinni Hedge Wizard began the quest for
                  | the Orb.
     0 | D        | Reached XP level 1. HP: 15/15 MP: 0/0
     2 | D        | Noticed a bag of meat
     2 | D        | Noticed a bag of meat
     3 | D        | Noticed a bag of meat
     4 | D        | Became a worshipper of Makhleb the Destroyer
     4 | D        | Noticed a bag of meat
     4 | D        | Noticed a bag of meat
     5 | D        | Noticed a bag of meat
     5 | D        | Noticed a meat berserker
     6 | D        | Noticed a bag of meat
     6 | D        | Noticed a bag of meat
     7 | D        | Killed a bag of meat
     7 | D        | Noticed a bag of meat
     7 | D        | Demolished by a bag of meat

Illustrated notes

Levels and vault maps discovered:
D:        meatsprint

Action                   || total
-------------------------++-------
Melee: Executioner's axe ||     1

Table legend: (Time is in decaauts)
 A = Elapsed time spent in this place.
 B = Non-inter-level travel time spent in this place.
 C = Inter-level travel time spent in this place.
 D = Time resting spent in this place.
 E = Time spent auto-exploring this place.
 F = Levels seen in this place.
 G = Mean time per level.
                   A        B        C        D        E       F      G
               +--------+--------+--------+--------+--------+-----+--------+
         Total |      6 |      6 |      0 |      0 |      0 |   1 |    6.0 |
       Dungeon |      6 |      6 |      0 |      0 |      0 |   1 |    6.0 |
               +--------+--------+--------+--------+--------+-----+--------+

Top non-repeatable levels by time:
       D: 6 daAuts
